Map: Orbital Shipyard

Players

MyTic

  • Race: Zerg Zerg
  • League: Platinum

Javert - Winner!

  • Race: Zerg Zerg
  • League: Grandmaster

VOD

Have the link to the VOD?

Description

Time

  • Played on: Aug. 26, 2015, 11:24 p.m.
  • Length: 4:38
Show
View Real Time Build Order
Export as new Build Order

MyTic Zerg 

Build Orders: Pool Only 

Get SALT Encoding   

  12  0:20  Spawning Pool  
  11  0:23  Extractor  
  10  0:28  Overlord  
  10  1:10  Baneling Nest, Zergling x2  
  10  1:11  Zergling x4  
  12  1:22  Zergling x2  
  13  1:33  Zergling x2  
  14  1:44  Zergling x2  
  15  1:55  Zergling x2  
  16  2:02  Baneling x3  
  16  2:05  Baneling  
  16  2:09  Zergling x2  
  17  2:16  Zergling x2  
  17  2:36  Zergling x2  
  16  2:44  Zergling x2  
  14  2:59  Queen  
Show
View Real Time Build Order
Export as new Build Order

Javert Zerg - Winner!

Build Orders: Pool First 

Get SALT Encoding   

  12  0:01  Drone  
  13  0:14  Overlord  
  13  0:19  Drone  
  14  0:33  Drone x2  
  16  0:40  Drone  
  17  0:43  Extractor  
  17  0:47  Drone  
  17  0:52  Spawning Pool  
  16  0:58  Drone  
  17  1:19  Hatchery  
  17  1:22  Drone  
  17  1:25  Drone  
  18  1:32  Overlord  
  18  1:43  Roach Warren  
  17  1:52  Queen  
  19  1:56  Drone  
  19  2:00  Drone  
  21  2:03  Drone  
  22  2:24  Roach  
  22  2:25  Roach  
  24  2:36  Roach x2  
  19  3:05  Drone x3  
  22  3:18  Drone x2  
  22  3:19  Drone  
  22  3:39  Roach x2  
  22  3:45  Drone x3  
  22  3:52  Overlord  
  22  3:59  Drone x2  
Tags
 
Add a new tag
Caveats
  • Supply blocks, unpowered buildings, or Contaminate may cause inaccurate times.
  • Supply counts are checked every 10 seconds.